Match 32102922
Unlisted

Match 32102922
End
Construct Infanterie Kompanie
Kettenkrad Recon Vehicle
Selects Mechanized Battlegroup
MG 42 Machine Gun Team
Grenadier Squad
Construct Panzergrenadier Kompanie
Panzergrenadier Squad
Panzergrenadier Squad
251 Medium Carrier
251 Medium Carrier
Selects Mobile Repair Stations
Support Elements
AI Takeover
Roel
Stick_Star
Oclay
Microsoft Outlook
Microsoft Office Excel
Microsoft Office Word
0
0

Comments sign in to comment!

No comments posted yet!